 Dungeon Crawl Stone Soup version 0.29-a0-356-g7bc237e783 (webtiles) character file.

Game seed: 4415984377311260467

6800 spaghetti the Martial Artist (level 11, -5/84 HPs)
             Began as a Gnoll Wanderer on Apr 26, 2022.
             Was an Elder of Okawaru.
             Slain by a rakshasa
             ... wielding a +4 trident of venom
              (21 damage)
             ... on level 8 of the Dungeon.
             The game lasted 00:13:31 (7961 turns).

spaghetti the Martial Artist (Gnoll Wanderer)       Turns: 7961, Time: 00:13:31

Health: -5/84      AC: 16    Str: 13    XL:     11   Next: 5%
Magic:  4/19       EV: 17    Int: 15    God:    Okawaru [****..]
Gold:   287        SH:  4    Dex: 14    Spells: 11/21 levels left

rFire   . . .      SeeInvis .     - Unarmed
rCold   + . .      Faith    .   (no shield)
rNeg    . . .      Spirit   .   w - +0 steam dragon scales
rPois   .          Reflect  .   x - +0 helmet {Int+3}
rElec   .          Harm     .   (no cloak)
rCorr   .          Rampage  +   d - +0 pair of gloves
Will    .....                   r - +1 pair of boots {rampage}
Stlth   +++++.....              (no amulet)
HPRegen 0.24/turn               o - +4 ring of protection
MPRegen 0.16/turn               (no ring)

@: mighty, heroic, finesse-ful
A: fangs 1, strong nose, distributed training, large bone plates 1, cold
resistance 1
a: Renounce Religion, Heroism, Finesse


You were on level 8 of the Dungeon.
You worshipped Okawaru.
Okawaru was greatly pleased with you.
You visited 1 branch of the dungeon, and saw 8 of its levels.

You collected 287 gold pieces.


Innate Abilities, Weirdness & Mutations

You have very sharp teeth.
Your uncanny sense of smell can sniff out nearby items.
Your experience applies equally to all skills.
You are partially covered in large bone plates. (SH +4)
Your flesh is cold resistant. (rC+)


   Skills:
 + Level 7.5(12.5) Fighting
 + Level 5.9(10.9) Short Blades
 + Level 5.9(10.9) Long Blades
 + Level 5.9(10.9) Axes
 + Level 5.9(10.9) Maces & Flails
 + Level 5.9(10.9) Polearms
 + Level 5.9(10.9) Staves
 + Level 5.9(10.9) Slings
 + Level 5.9(10.9) Bows
 + Level 5.9(10.9) Crossbows
 + Level 5.9(10.9) Throwing
 + Level 5.9(10.9) Armour
 + Level 6.5(11.5) Dodging
 + Level 8.5(13.5) Stealth
 + Level 5.9(10.9) Shields
 + Level 10.4(15.4) Unarmed Combat
 + Level 5.9 Spellcasting
 + Level 4.8 Conjurations
 + Level 4.8 Hexes
 + Level 4.8 Summonings
 + Level 4.8 Necromancy
 + Level 4.8 Translocations
 + Level 4.8 Transmutations
 + Level 4.8 Fire Magic
 + Level 4.8 Ice Magic
 + Level 4.8 Air Magic
 + Level 4.8 Earth Magic
 + Level 4.8 Poison Magic
 + Level 6.4 Invocations
 + Level 5.9 Evocations


You had 11 spell levels left.
You knew the following spells:

 Your Spells              Type           Power      Damage    Failure   Level
a - Poisonous Vapours     Pois/Air       38%        N/A       3%          2
b - Olgreb's Toxic Radia  Pois           19%        N/A       21%         4
c - Leda's Liquefaction   Hex/Erth       9%         N/A       21%         4

Your spell library contained the following spells:

 Spells                   Type           Power      Damage    Failure   Level
 Sting                    Tmut/Pois      76%        1d6       1%          1
 Dazzling Flash           Conj/Hex       38%        N/A       6%          3
 Cause Fear               Hex            9%         N/A       21%         4
 Summon Mana Viper        Hex/Summ       Unusable   N/A       N/A         5

Inventory:

Hand Weapons
 a - a +0 dagger {short}
Missiles
 h - 2 curare-tipped darts {=fthrowing}
 k - 120 stones (quivered) {throwing}
 z - a boomerang {throwing}
 B - 5 datura-tipped darts {throwing}
Armour
 d - a +0 pair of gloves (worn)
 l - a +0 helmet
   (You found it on level 2 of the Dungeon)
 r - a +1 pair of boots of rampaging (worn)
   (You found it on level 5 of the Dungeon)
 w - +0 steam dragon scales (worn)
   (You found it on level 6 of the Dungeon)
 x - a +0 helmet of intelligence (worn)
   (You found it on level 6 of the Dungeon)
Magical Staves
 p - a staff of fire {!astaff}
   (You found it on level 2 of the Dungeon)
Jewellery
 o - a +4 ring of protection (left hand)
   (You found it on level 5 of the Dungeon)
 v - a ring of fire
   (You found it on level 6 of the Dungeon)
 y - a ring of flight
   (You found it on level 6 of the Dungeon)
 A - a ring of fire
   (You found it on level 7 of the Dungeon)
Wands
 b - a wand of iceblast (10)
   (You found it on level 5 of the Dungeon)
 c - a wand of digging (8)
   (You took it off Terence on level 2 of the Dungeon)
Scrolls
 i - a scroll of holy word
 j - 4 scrolls of identify {@r1}
 q - a scroll of immolation {!r!r}
 s - a scroll of enchant armour
Potions
 m - 3 potions of flight
 n - a potion of mutation {!q}
 t - a potion of might
Miscellaneous
 f - a phial of floods
   (You found it on level 6 of the Dungeon)

Dungeon Overview and Level Annotations

Branches:
Dungeon (8/15)
 Temple: D:4-7         Lair: D:8-11

Altars:
Cheibriados
Elyvilon
Fedhas
Gozag
Nemelex Xobeh
Okawaru
Trog
Wu Jian
Xom
Zin
The Shining One

Shops:
D:3 (

Annotations:
D:6 2 runed translucent doors
D:8 Grum

..# # #.........#
. ...##. #.......#
.. ..##... #.....#
.$.
##.....###R###..#.
........[†[......
###......).####..
....###.#[## ###
#.#.######.#
#.#(R@.....#
#.#.######## ....#
...... ###.### #.
#. .


You could see a rakshasa.


Message History

You take 4 damage, and now have 24/84 hp.
You hit the acid dragon but do no damage.
You punch the acid dragon.
You kill the acid dragon!
Okawaru accepts your kill. Okawaru crowns you victorious!
An exit appears.
You feel your strength returning.
You start resting.
The spectator's armour gleams in the torchlight.
You are no longer corroded.
The spectator cheers repeatedly.
Okawaru bids you farewell from the Arena.
The spectator waves a pennant with your name on it.
Your hands slow down.
You are returned from the Arena.
Welcome back to the Dungeon!
Level annotation: Grum The bullfrog hits you but does no damage.
The bullfrog barely misses you. You block the bullfrog's attack.
Things that are here:
a +0 plate armour; a +0 short sword {short} 😨 HP[+5] MP[+3]
You regained 5 hp, and now have 29/84 hp.
You regained 3 mp, and now have 6/19 mp.
Unknown command.
You barely miss the bullfrog.
The bullfrog hits you but does no damage.
You closely miss the bullfrog.
You bite the bullfrog, but do no damage.
The bullfrog misses you.
You hit the bullfrog. You punch the bullfrog!
The bullfrog completely misses you. 😨 MP[+1]
You hit the bullfrog. You punch the bullfrog. The bullfrog barely misses you.
You punch the bullfrog!
You kill the bullfrog!
Okawaru accepts your kill.
The rakshasa blinks!
You see here a bullfrog corpse. 😨 HP[+1]
You start resting.
A rakshasa is nearby! 😨 HP[+1] MP[+1] Unknown command.
Unknown command.
A rakshasa is nearby!
You see here a +0 flail {mace}.
You now have 287 gold pieces (gained 23).
t - 2 potions of might (gained 1)
Things that are here:
a +0 robe; a +0 dagger {short}; an orc corpse 😨 HP[+1]
You feel like a meek peon again. 😨 MP[+1]
Items here: ( ) [[.
Items here: )) / [ †. 😨 HP[+1]
Items here: ))) [[ ††.
You start resting.
A rakshasa is nearby! 😨 HP[+1] Unknown command.
The rakshasa gestures at you. The lance of force hits you.
* * * LOW HITPOINT WARNING * * *
You are knocked back by the lance of force.
You slam into the rock wall!
* * * LOW HITPOINT WARNING * * *
😱 HP[-18] MP[+1]
You take 18 damage, and now have 16/84 hp.
MASSIVE DAMAGE!! (PAUSE)
You gain the combat prowess of a mighty hero. 😱 MP[-2]
You lost 2 mp, and now have 8/19 mp.
Okay, then.
You feel better.
The rakshasa hits you but does no damage.
You are poisoned. 😨 HP[+9]
You regained 9 hp, and now have 25/84 hp.
Unknown command.
You feel very mighty all of a sudden.
You feel sick.
The rakshasa hits you from afar with a +4 trident of venom.
* * * LOW HITPOINT WARNING * * *
You are more poisoned. 😱 HP[-5]
You take 5 damage, and now have 20/84 hp.
You feel better.
The rakshasa completely misses you. 😨 HP[+7]
You regained 7 hp, and now have 27/84 hp.
You rampage towards the rakshasa!
You hit the rakshasa. Your punch misses the rakshasa. You bite the rakshasa!
You hit the rakshasa but do no damage.
The rakshasa hits you with a +4 trident of venom!
* * * LOW HITPOINT WARNING * * *
😱 HP[-11] MP[+1]
You take 11 damage, and now have 16/84 hp.
You can now deal lightning-fast blows.
The rakshasa hits you with a +4 trident of venom!!
You die...

Skill      XL: |  1  2  3  4  5  6  7  8  9 10 |
---------------+-------------------------------+-----
Stealth        | 6 7 8 |  8.5
Invocations    | 1 2 3 4 5 6 |  6.4
Short Blades   | 1 2 4 5 |  5.9
Long Blades    | 1 2 4 5 |  5.9
Axes           | 1 2 4 5 |  5.9
Maces & Flails | 1 2 4 5 |  5.9
Polearms       | 1 2 4 5 |  5.9
Staves         | 1 2 4 5 |  5.9
Slings         | 1 2 4 5 |  5.9
Bows           | 1 2 4 5 |  5.9
Crossbows      | 1 2 4 5 |  5.9
Throwing       | 1 2 4 5 |  5.9
Armour         | 1 2 4 5 |  5.9
Shields        | 1 2 4 5 |  5.9
Spellcasting   | 1 2 4 5 |  5.9
Evocations     | 1 2 4 5 |  5.9
Conjurations   | 1 2 3 4 |  4.8
Hexes          | 1 2 3 4 |  4.8
Summonings     | 1 2 3 4 |  4.8
Necromancy     | 1 2 3 4 |  4.8
Translocations | 1 2 3 4 |  4.8
Transmutations | 1 2 3 4 |  4.8
Fire Magic     | 1 2 3 4 |  4.8
Ice Magic      | 1 2 3 4 |  4.8
Air Magic      | 1 2 3 4 |  4.8
Earth Magic    | 1 2 3 4 |  4.8
Poison Magic   | 1 2 3 4 |  4.8
Dodging        | 3 4 5 6 |  6.5
Fighting       | 5 6 7 |  7.5
Unarmed Combat | 9 10 | 10.4

Action                   |  1- 3 |  4- 6 |  7- 9 | 10-12 || total
-------------------------+-------+-------+-------+-------++-------
Melee: Unarmed           |    84 |   101 |   157 |   190 ||   532
       Bite              |     3 |    12 |    25 |    19 ||    59
       Punch             |     1 |     1 |    21 |    20 ||    43
Throw: Stone             |       |    13 |    16 |    10 ||    39
       Dart              |       |       |     1 |       ||     1
 Cast: Poisonous Vapours |       |       |     1 |       ||     1
Invok: Heroism           |       |       |     8 |     7 ||    15
       Finesse           |       |       |     2 |     5 ||     7
       Duel              |       |       |       |     1 ||     1
  Use: Potion            |     4 |     5 |     1 |     6 ||    16
       Scroll            |       |     3 |       |     7 ||    10
 Stab: Sleeping          |     4 |     2 |     5 |     5 ||    16
       Confused          |       |       |       |     1 ||     1
Armor: Robe              |    21 |    26 |    20 |       ||    67
       Skin              |     6 |       |    15 |       ||    21
       Steam dragon scal |       |       |    11 |    41 ||    52
Dodge: Dodged            |    49 |    62 |    61 |    85 ||   257
Block: Other             |       |     1 |    17 |    31 ||    49

Levels and vault maps discovered:
D:1:      minmay_arrival_shoal_huts, layout_basic, minmay_pentomino_t4
D:2:      layout_rooms, basic_altar, shapermc_ecumenical_altar_mp_ritualfount,
          hangedman_decor_points, uniq_terence
D:3:      layout_basic, okawaru_altar_gauntlet_db,
          mainiacjoe_overflow_catwalk_spiral, serial_shops,
          nicolae_shop_bloodbath_and_beyond, dreamdust_wishing_well, hex_tiny,
          lightli_corner_chamber
D:4:      layout_loops_ring, minmay_temple_entry_mist, minmay_surrounded,
          uniq_duvessa
D:5:      layout_basic, portal_sewer_entry_a, chequers_serial_rivers_small_3,
          kennysheep_small_spiral
D:6:      layout_loops_ring, grunt_gozag_statues, fedhas_ov_isle_minmay,
          palyth_stone_intersect, hangedman_decor_diamond_cutter,
          minmay_misc_feat_doors, nrook_loot_triangle, grunt_ministairs_15,
          minmay_hollow_rounded_squares
D:7:      layout_loops_corners, kennysheep_mini, nicolae_water_bricks,
          uniq_pikel
D:8:      minmay_the_grid_octo_2x2 [minmay_the_grid_octo_clover,
          minmay_the_grid_octo_shrine, minmay_the_grid_octo_pinwheel,
          minmay_the_grid_octo_prize_square_snowflake], layout_loops_ring,
          nemelex_spade_bored_becter, uniq_grum

Notes
Turn   | Place    | Note
-------+----------+-------------------------------------------
     0 | D:1      | spaghetti the Gnoll Wanderer began the quest for the Orb.
     0 | D:1      | spaghetti set off with the following items: a +0 dagger
                  | {short}, a potion of berserk rage {!q}, a potion of
                  | lignification {!q}, a +0 pair of gloves, a scroll of
                  | teleportation {@r4}, a +0 robe, a scroll of fear
     0 | D:1      | Reached XP level 1. HP: 20/20 MP: 1/1
     0 | D:1      | magus.rc [v1.9.6]
   163 | D:1      | Reached XP level 2. HP: 25/25 MP: 2/2
   501 | D:1      | Reached XP level 3. HP: 29/31 MP: 3/3
   788 | D:2      | Reached skill level 6 in Stealth
   929 | D:2      | Noticed Terence
  1062 | D:2      | Found a shimmering altar of Xom.
  1076 | D:2      | Reached skill level 1 in Invocations
  1082 | D:2      | Became a worshipper of Xom of Chaos
  1191 | D:2      | Killed Terence
  1192 | D:2      | Reached skill level 1 in Short Blades
  1192 | D:2      | Reached skill level 1 in Long Blades
  1192 | D:2      | Reached skill level 1 in Axes
  1192 | D:2      | Reached skill level 1 in Maces & Flails
  1192 | D:2      | Reached skill level 1 in Polearms
  1192 | D:2      | Reached skill level 1 in Staves
  1192 | D:2      | Reached skill level 1 in Slings
  1192 | D:2      | Reached skill level 1 in Bows
  1192 | D:2      | Reached skill level 1 in Crossbows
  1192 | D:2      | Reached skill level 1 in Throwing
  1192 | D:2      | Reached skill level 1 in Armour
  1192 | D:2      | Reached skill level 1 in Shields
  1192 | D:2      | Reached skill level 1 in Spellcasting
  1192 | D:2      | Reached skill level 1 in Evocations
  1192 | D:2      | Reached XP level 4. HP: 38/38 MP: 5/5
  1239 | D:2      | XOM: silly message
  1307 | D:2      | XOM: divination: detect items
  1344 | D:2      | You add the spells Sting, Poisonous Vapours and Olgreb's
                  | Toxic Radiance to your library.
  1348 | D:2      | Learned a level 2 spell: Poisonous Vapours
  1465 | D:2      | Found a faded altar of an unknown god.
  1581 | D:3      | Found Aralet's Weapon Shop.
  1663 | D:3      | Reached skill level 1 in Conjurations
  1663 | D:3      | Reached skill level 1 in Hexes
  1663 | D:3      | Reached skill level 1 in Summonings
  1663 | D:3      | Reached skill level 1 in Necromancy
  1663 | D:3      | Reached skill level 1 in Translocations
  1663 | D:3      | Reached skill level 1 in Transmutations
  1663 | D:3      | Reached skill level 1 in Fire Magic
  1663 | D:3      | Reached skill level 1 in Ice Magic
  1663 | D:3      | Reached skill level 1 in Air Magic
  1663 | D:3      | Reached skill level 1 in Earth Magic
  1663 | D:3      | Reached skill level 1 in Poison Magic
  1673 | D:3      | Found an iron altar of Okawaru.
  1690 | D:3      | Fell from the grace of Xom
  1690 | D:3      | Became a worshipper of Warmaster Okawaru
  1760 | D:3      | Found a glowing silver altar of Zin.
  1806 | D:3      | Found a bloodstained altar of Trog.
  1978 | D:3      | You fall into a shaft and drop 2 floors!
  1978 | D:5      | Entered Level 5 of the Dungeon
  1989 | D:5      | Reached XP level 5. HP: 32/43 MP: 5/7
  2221 | D:5      | Reached skill level 3 in Dodging
  2469 | D:4      | XOM: give mutations
  2469 | D:4      | Gained mutation: You are weak. (Str -2) [Xom's mischief]
  2469 | D:4      | Gained mutation: You are clumsy. (Dex -2) [Xom's mischief]
  2479 | D:4      | HP: 9/43 [acid (7)]
  2480 | D:4      | Lost mutation: You are clumsy. (Dex -2) [potion of
                  | mutation]
  2480 | D:4      | Lost mutation: You are weak. (Str -2) [potion of mutation]
  2480 | D:4      | Gained mutation: Your flesh is cold resistant. (rC+)
                  | [potion of mutation]
  2480 | D:4      | Gained mutation: You are partially covered in large bone
                  | plates. (SH +4) [potion of mutation]
  2760 | D:5      | XOM: 1-stop teleportation journey
  2801 | D:5      | Reached skill level 2 in Invocations
  2801 | D:5      | Reached XP level 6. HP: 42/50 MP: 8/8
  2929 | D:5      | Noticed a two-headed ogre
  2938 | D:5      | Killed a two-headed ogre
  2938 | D:5      | Reached * piety under Okawaru
  2938 | D:5      | Reached ** piety under Okawaru
  2938 | D:5      | Reached *** piety under Okawaru
  2939 | D:5      | Reached skill level 5 in Fighting
  2939 | D:5      | Reached skill level 2 in Short Blades
  2939 | D:5      | Reached skill level 2 in Long Blades
  2939 | D:5      | Reached skill level 2 in Axes
  2939 | D:5      | Reached skill level 2 in Maces & Flails
  2939 | D:5      | Reached skill level 2 in Polearms
  2939 | D:5      | Reached skill level 2 in Staves
  2939 | D:5      | Reached skill level 2 in Slings
  2939 | D:5      | Reached skill level 2 in Bows
  2939 | D:5      | Reached skill level 2 in Crossbows
  2939 | D:5      | Reached skill level 2 in Throwing
  2939 | D:5      | Reached skill level 2 in Armour
  2939 | D:5      | Reached skill level 2 in Shields
  2939 | D:5      | Reached skill level 9 in Unarmed Combat
  2939 | D:5      | Reached skill level 2 in Spellcasting
  2939 | D:5      | Reached skill level 2 in Conjurations
  2939 | D:5      | Reached skill level 2 in Hexes
  2939 | D:5      | Reached skill level 2 in Summonings
  2939 | D:5      | Reached skill level 2 in Necromancy
  2939 | D:5      | Reached skill level 2 in Translocations
  2939 | D:5      | Reached skill level 2 in Transmutations
  2939 | D:5      | Reached skill level 2 in Fire Magic
  2939 | D:5      | Reached skill level 2 in Ice Magic
  2939 | D:5      | Reached skill level 2 in Air Magic
  2939 | D:5      | Reached skill level 2 in Earth Magic
  2939 | D:5      | Reached skill level 2 in Poison Magic
  2939 | D:5      | Reached skill level 3 in Invocations
  2939 | D:5      | Reached skill level 2 in Evocations
  2939 | D:5      | Reached XP level 7. HP: 36/56 MP: 8/11
  2990 | D:5      | Reached XP level 8. HP: 30/63 MP: 9/12
  3287 | D:5      | Reached skill level 3 in Short Blades
  3287 | D:5      | Reached skill level 3 in Long Blades
  3287 | D:5      | Reached skill level 3 in Axes
  3287 | D:5      | Reached skill level 3 in Maces & Flails
  3287 | D:5      | Reached skill level 3 in Polearms
  3287 | D:5      | Reached skill level 3 in Staves
  3287 | D:5      | Reached skill level 3 in Slings
  3287 | D:5      | Reached skill level 3 in Bows
  3287 | D:5      | Reached skill level 3 in Crossbows
  3287 | D:5      | Reached skill level 3 in Throwing
  3287 | D:5      | Reached skill level 3 in Armour
  3287 | D:5      | Reached skill level 4 in Dodging
  3287 | D:5      | Reached skill level 3 in Shields
  3287 | D:5      | Reached skill level 3 in Spellcasting
  3287 | D:5      | Reached skill level 3 in Evocations
  3466 | D:5      | Received a gift from Okawaru
  4117 | D:6      | XOM: noise
  4163 | D:6      | Found an opulent altar of Gozag.
  4278 | D:6      | Reached skill level 7 in Stealth
  4397 | D:6      | XOM: 6-stop teleportation journey
  4633 | D:6      | Found a large runed translucent door.
  4633 | D:6      | Found a large runed translucent door.
  4636 | D:6      | Noticed a yak
  4676 | D:6      | Found a large runed translucent door.
  4676 | D:6      | Found a large runed translucent door.
  4690 | D:6      | Reached skill level 3 in Conjurations
  4690 | D:6      | Reached skill level 3 in Hexes
  4690 | D:6      | Reached skill level 3 in Summonings
  4690 | D:6      | Reached skill level 3 in Necromancy
  4690 | D:6      | Reached skill level 3 in Translocations
  4690 | D:6      | Reached skill level 3 in Transmutations
  4690 | D:6      | Reached skill level 3 in Fire Magic
  4690 | D:6      | Reached skill level 3 in Ice Magic
  4690 | D:6      | Reached skill level 3 in Air Magic
  4690 | D:6      | Reached skill level 3 in Earth Magic
  4690 | D:6      | Reached skill level 3 in Poison Magic
  4690 | D:6      | Reached skill level 4 in Invocations
  4704 | D:6      | Noticed an eight-headed hydra
  4713 | D:6      | Killed an eight-headed hydra
  4713 | D:6      | Reached **** piety under Okawaru
  4714 | D:6      | Reached skill level 6 in Fighting
  4714 | D:6      | Reached skill level 4 in Short Blades
  4714 | D:6      | Reached skill level 4 in Long Blades
  4714 | D:6      | Reached skill level 4 in Axes
  4714 | D:6      | Reached skill level 4 in Maces & Flails
  4714 | D:6      | Reached skill level 4 in Polearms
  4714 | D:6      | Reached skill level 4 in Staves
  4714 | D:6      | Reached skill level 4 in Slings
  4714 | D:6      | Reached skill level 4 in Bows
  4714 | D:6      | Reached skill level 4 in Crossbows
  4714 | D:6      | Reached skill level 4 in Throwing
  4714 | D:6      | Reached skill level 4 in Armour
  4714 | D:6      | Reached skill level 4 in Shields
  4714 | D:6      | Reached skill level 4 in Spellcasting
  4714 | D:6      | Reached skill level 4 in Evocations
  4714 | D:6      | Reached XP level 9. HP: 44/69 MP: 11/15
  4950 | D:6      | Found a blossoming altar of Fedhas.
  5019 | D:6      | HP: 10/69 [steam dragon/ball of steam (12)]
  5023 | D:6      | Reached skill level 5 in Dodging
  5117 | D:6      | XOM: noise
  5784 | D:6      | Learned a level 4 spell: Olgreb's Toxic Radiance
  5806 | D:6      | XOM: divination: detect creatures
  5860 | D:6      | Noticed a boulder beetle
  5896 | D:6      | Killed a boulder beetle
  5897 | D:6      | Reached skill level 5 in Invocations
  6066 | D:6      | Reached XP level 10. HP: 77/77 MP: 9/17
  6071 | D:6      | Reached skill level 4 in Conjurations
  6071 | D:6      | Reached skill level 4 in Hexes
  6071 | D:6      | Reached skill level 4 in Summonings
  6071 | D:6      | Reached skill level 4 in Necromancy
  6071 | D:6      | Reached skill level 4 in Translocations
  6071 | D:6      | Reached skill level 4 in Transmutations
  6071 | D:6      | Reached skill level 4 in Fire Magic
  6071 | D:6      | Reached skill level 4 in Ice Magic
  6071 | D:6      | Reached skill level 4 in Air Magic
  6071 | D:6      | Reached skill level 4 in Earth Magic
  6071 | D:6      | Reached skill level 4 in Poison Magic
  6083 | D:6      | You add the spells Dazzling Flash, Leda's Liquefaction and
                  | Cause Fear to your library.
  6083 | D:6      | Got the Reference Book on Enchantment
  6122 | D:6      | Learned a level 4 spell: Leda's Liquefaction
  6154 | D:7      | XOM: 1-stop teleportation journey
  6263 | D:7      | Noticed Pikel
  6275 | D:7      | Killed Pikel
  6276 | D:7      | Reached skill level 5 in Short Blades
  6276 | D:7      | Reached skill level 5 in Long Blades
  6276 | D:7      | Reached skill level 5 in Axes
  6276 | D:7      | Reached skill level 5 in Maces & Flails
  6276 | D:7      | Reached skill level 5 in Polearms
  6276 | D:7      | Reached skill level 5 in Staves
  6276 | D:7      | Reached skill level 5 in Slings
  6276 | D:7      | Reached skill level 5 in Bows
  6276 | D:7      | Reached skill level 5 in Crossbows
  6276 | D:7      | Reached skill level 5 in Throwing
  6276 | D:7      | Reached skill level 5 in Armour
  6276 | D:7      | Reached skill level 5 in Shields
  6276 | D:7      | Reached skill level 10 in Unarmed Combat
  6276 | D:7      | Reached skill level 5 in Spellcasting
  6276 | D:7      | Reached skill level 5 in Evocations
  6306 | D:7      | XOM: 2-stop teleportation journey
  6309 | D:7      | Reached skill level 7 in Fighting
  6309 | D:7      | Reached skill level 8 in Stealth
  6373 | D:7      | XOM: confusion (+ monsters)
  6381 | D:7      | Received a gift from Okawaru
  6485 | D:7      | XOM: noise
  7025 | D:7      | Reached ***** piety under Okawaru
  7042 | D:7      | Found a glowing golden altar of the Shining One.
  7337 | D:8      | Reached skill level 6 in Dodging
  7574 | D:8      | Found a sparkling altar of Nemelex Xobeh.
  7654 | D:8      | Noticed a two-headed ogre
  7654 | D:8      | Noticed a two-headed ogre
  7654 | D:8      | Noticed a centaur warrior
  7654 | D:8      | Noticed a green ugly thing
  7658 | D:8      | Noticed a white ugly thing
  7659 | D:8      | Noticed a rakshasa
  7659 | D:8      | Noticed a gargoyle
  7659 | D:8      | Noticed Grum
  7664 | D:8      | Killed a two-headed ogre
  7665 | D:8      | Reached skill level 6 in Invocations
  7673 | D:8      | Killed a centaur warrior
  7678 | D:8      | HP: 15/79 [Grum/+1 glaive (20)]
  7815 | D:8      | XOM: 2-stop teleportation journey
  7841 | D:8      | XOM: 2-stop teleportation journey
  7842 | D:8      | Noticed a two-headed ogre
  7847 | D:8      | Found a snail-covered altar of Cheibriados.
  7882 | D:8      | Reached XP level 11. HP: 48/84 MP: 14/19
  7884 | D:8      | Found an ornate altar of the Wu Jian Council.
  7901 | D:8      | Found a white marble altar of Elyvilon.
  7901 | D:8      | Found a glowing silver altar of Zin.
  7908 | Arena    | Entered the Arena
  7954 | D:8      | HP: 16/84 [rock wall collision (12)]
  7960 | D:8      | HP: 16/84 [rakshasa/+4 trident of venom (11)]
  7961 | D:8      | Slain by a rakshasa

Vanquished Creatures
  A boulder beetle (D:6)
  A hydra (D:6)
  A centaur warrior (D:8)
  2 two-headed ogres
  Pikel (D:7)
  A troll (D:7)
  A shadow (D:6)
  A wraith (D:8)
  A wyvern (D:8)
  A yak (D:6)
  A steam dragon (D:6)
  2 acid dragons
  A water moccasin (D:7)
  2 orc warriors
  An ice beast (D:6)
  2 ogres
  A centaur (D:7)
  A lemure (D:7)
  4 bullfrogs
  A necrophage (D:5)
  A gnoll sergeant (D:8)
  4 scorpions
  7 killer bees
  3 howler monkeys
  2 hounds
  3 orc priests
  A jelly (D:6)
  Terence (D:2)
  2 iguanas
  7 orc wizards
  4 gnolls (D:5)
  3 adders
  A river rat (D:5)
  3 white imps
  An ufetubus (D:5)
  A dart slug (D:3)
  22 orcs
  7 endoplasms
  3 giant cockroaches
  5 goblins
  4 hobgoblins
  4 jackals
  4 quokkas
  4 ball pythons
  2 bats
  2 frilled lizards
  10 kobolds
  2 rats (D:2)
140 creatures vanquished.

Vanquished Creatures (others)
  An orc (D:8)
  2 fungi (D:2)
  6 plants (D:6)
9 creatures vanquished.

Grand Total: 149 creatures vanquished

Table legend:
 A = Non-vault XP
 B = Vault XP
 C = Vault XP percentage of total XP
 D = Non-vault monster count
 E = Vault monster count
 F = Vault count percentage of total count
                 A         B        C        D         E       F
            +---------+---------+-------+---------+---------+-------
      Total |    4022 |    5693 |  58.6 |      99 |      41 |  29.3
            +---------+---------+-------+---------+---------+-------
        D:1 |      27 |       8 |  22.9 |      15 |       4 |  21.1
        D:2 |      42 |      36 |  46.2 |      14 |       1 |   6.7
        D:3 |      25 |      13 |  34.2 |       7 |       6 |  46.2
        D:4 |       0 |       2 | 100.0 |       0 |       1 | 100.0
        D:5 |    1543 |      26 |   1.7 |      18 |       7 |  28.0
        D:6 |     571 |    2570 |  81.8 |       6 |      11 |  64.7
        D:7 |    1024 |     629 |  38.1 |      17 |       1 |   5.6
        D:8 |     637 |    2409 |  79.1 |      21 |      10 |  32.3
      Arena |     153 |       0 |   0.0 |       1 |       0 |   0.0
            +---------+---------+-------+---------+---------+-------

Illustrated notes

Table legend:
 A = Kills in this place as a percentage of kills in entire the game.
 B = Kills by you in this place as a percentage of kills by you in the entire game.
 C = Kills by friends in this place as a percentage of kills by friends in the entire game.
 D = Other kills in this place as a percentage of other kills in the entire game.
 E = Experience gained in this place as a percentage of experience gained in the entire game.
 F = Experience gained in this place divided by the number of levels of this place that you have seen.
                   A       B       C       D       E      F
               +-------+-------+-------+-------+-------+----------------------
         Total | 100.0 | 100.0 |   N/A | 100.0 | 100.0 | 1079.4
       Dungeon |  99.3 |  99.3 |   N/A | 100.0 |  98.4 | 1195.2
         Arena |   0.7 |   0.7 |   N/A |   0.0 |   1.6 | 153.0
               +-------+-------+-------+-------+-------+----------------------

Table legend: (Time is in decaauts)
 A = Elapsed time spent in this place.
 B = Non-inter-level travel time spent in this place.
 C = Inter-level travel time spent in this place.
 D = Time resting spent in this place.
 E = Time spent auto-exploring this place.
 F = Levels seen in this place.
 G = Mean time per level.
                   A        B        C        D        E       F      G
               +--------+--------+--------+--------+--------+-----+--------+
         Total |   7817 |   7561 |    256 |   2374 |   4137 |   9 |  868.6 |
       Dungeon |   7798 |   7542 |    256 |   2357 |   4137 |   8 |  974.8 |
         Arena |     19 |     19 |      0 |     17 |      0 |   1 |   19.0 |
               +--------+--------+--------+--------+--------+-----+--------+

Top non-repeatable levels by time:
     D:5: 2049 daAuts
     D:6: 1994 daAuts
     D:7: 1006 daAuts
     D:2: 787 daAuts
     D:1: 783 daAuts
     D:8: 713 daAuts
     D:3: 404 daAuts
     D:4: 58 daAuts
   Arena: 19 daAuts
